 Dungeon Crawl Stone Soup version 0.21.1-1-g345015f (webtiles) character file.

154 letownia2 the Skirmisher (level 5, 0/41 HPs)
             Began as a Merfolk Venom Mage on Mar 9, 2018.
             Was a Follower of Cheibriados.
             Slain by a centaur skeleton (5 damage)
             ... on level 4 of the Dungeon.
             The game lasted 00:07:44 (977 turns).

letownia2 the Skirmisher (Merfolk Venom Mage)        Turns: 977, Time: 00:07:45

Health: 0/41       AC:  6    Str: 11    XL:     5   Next: 35%
Magic:  6/8        EV: 12    Int: 17    God:    Cheibriados [*.....]
Gold:   97         SH:  0    Dex: 16    Spells: 2/8 levels left

rFire    + . .     SeeInvis .   j - +1 dagger (venom)
rCold    . . .     Gourm    .   (no shield)
rNeg     . . .     Faith    .   f - +3 leather armour {rF+}
rPois    .         Spirit   .   (no helmet)
rElec    .         Reflect  .   (no cloak)
rCorr    .         Harm     .   (no gloves)
MR       .....     Clarity  +   (no boots)
Stlth    ++........             l - amulet of inaccuracy (curse)
HPRegen  0.13/turn              e - ring of flight
MPRegen  0.11/turn              (no ring)

@: lethally poisoned (0 -> -2), very slow
A: change form in water, swift swim, stealthy swim, clarity, mutation resistance
1, subdued magic 1
a: Bend Time, Renounce Religion, Evoke Flight


You were on level 4 of the Dungeon.
You worshipped Cheibriados.
Cheibriados was aware of your devotion.
You were not hungry.

You visited 1 branch of the dungeon, and saw 4 of its levels.

You collected 97 gold pieces.

Inventory:

Hand Weapons
 c - a +0 blowgun
 j - a +1 dagger of venom (weapon)
Missiles
 p - 16 poisoned needles
Armour
 f - a +3 leather armour of fire resistance (worn)
Jewellery
 e - a ring of flight (left hand)
 l - a cursed amulet of inaccuracy (around neck)
Scrolls
 h - 3 scrolls of identify
Potions
 n - a potion of flight
Books
 b - a Young Poisoner's Handbook

   Spells                             Type                      Level
   a - Sting                          Conjuration/Poison           1
   b - Poisonous Vapours              Poison/Air                   2
   c - Mephitic Cloud                 Conjuration/Poison/Air       3
   d - Olgreb's Toxic Radiance        Poison                       4
   e - Venom Bolt                     Conjuration/Poison           5
Comestibles
 k - 2 chunks of flesh
 q - 3 rations


   Skills:
 + Level 3.4 Fighting
 - Level 2.6 Dodging
 - Level 2.1 Stealth
 + Level 2.3 Spellcasting
 - Level 2.0 Conjurations
 + Level 1.5 Air Magic
 - Level 3.2 Poison Magic


You had 2 spell levels left.
You knew the following spells:

 Your Spells              Type           Power        Failure   Level  Hunger
a - Sting                 Conj/Pois      #...         7%          1    #......
e - Mephitic Cloud        Conj/Pois/Air  #.......     24%         3    ###....
v - Poisonous Vapours     Pois/Air       #.....       12%         2    ##.....


Dungeon Overview and Level Annotations

Branches:
Dungeon (4/15)
 Temple: D:4-7

Altars:
Cheibriados
Okawaru
Yredelemnul


Innate Abilities, Weirdness & Mutations

You revert to your normal form in water.
You are very nimble and swift while swimming.
You are very stealthy in the water. (Stealth+)
You possess an exceptional clarity of mind.
You are somewhat resistant to further mutation.
Your spells are a little easier to cast, but a little less powerful.


Message History

You hit the centaur skeleton.
The centaur skeleton is moderately damaged.
The centaur skeleton completely misses you.
Unknown command.
Okay, then.
Okay, then.
You feel extremely strange.
Your thinking seems confused.
You feel clever. The antennae on your head shrink away.
Your connection to magic feels subdued.
Your thoughts seem clearer.
You feel genetically stable. The centaur skeleton barely misses you.
The centaur skeleton closely misses you.
You hit the centaur skeleton.
The centaur skeleton is moderately damaged.
The centaur skeleton barely misses you.
Unknown command.
You hit the centaur skeleton.
The centaur skeleton is heavily damaged.
The centaur skeleton hits you.
You die...

##.#.##....#.....
#.)...†...######
#.#.#####.# ##
#.#.# .# .. #.#.#
## #. #.#.# ..
#.#.#
.#..#.###.#.#
......Z@..#.#
....##.##.# . ...
#.# #.### #.# ..
#.# .. #.# . #.#
.#


You could see a centaur skeleton.

Vanquished Creatures
  An orc wizard (D:3)
  2 worker ants (D:4)
  An adder (D:3)
  An adder skeleton (D:4)
  2 worms (D:3)
  2 leopard geckos
  7 orcs
  A giant cockroach (D:2)
  2 goblins
  A hobgoblin (D:3)
  9 jackals
  3 quokkas
  5 bats
  A frilled lizard (D:2)
  13 kobolds
  3 rats
54 creatures vanquished.

Vanquished Creatures (others)
  7 toadstools (D:3)
7 creatures vanquished.

Grand Total: 61 creatures vanquished

Notes
Turn   | Place    | Note
-------+----------+-------------------------------------------
     0 | D:1      | letownia2 the Merfolk Venom Mage began the quest for the Orb.
     0 | D:1      | Reached XP level 1. HP: 13/13 MP: 3/3
    39 | D:1      | Reached skill level 1 in Conjurations
   127 | D:2      | Reached skill level 1 in Fighting
   133 | D:2      | Reached XP level 2. HP: 19/21 MP: 0/5
   394 | D:3      | Reached XP level 3. HP: 19/27 MP: 1/6
   430 | D:3      | Learned a level 3 spell: Mephitic Cloud
   519 | D:3      | Found an iron altar of Okawaru.
   610 | D:3      | Found a snail-covered altar of Cheibriados.
   610 | D:3      | Found a basalt altar of Yredelemnul.
   614 | D:3      | Became a worshipper of Cheibriados the Contemplative
   672 | D:3      | Reached skill level 1 in Air Magic
   672 | D:3      | Reached XP level 4. HP: 34/34 MP: 1/7
   705 | D:3      | Learned a level 2 spell: Poisonous Vapours
   784 | D:4      | Reached XP level 5. HP: 33/41 MP: 1/8
   866 | D:4      | Reached * piety under Cheibriados
   968 | D:4      | Gained mutation: You are dopey. (Int -2) [potion of mutation]
   968 | D:4      | Gained mutation: You possess an exceptional clarity of mind. [potion of mutation]
   968 | D:4      | Gained mutation: You have a pair of small antennae on your head. [potion of mutation]
   975 | D:4      | Lost mutation: You possess an exceptional clarity of mind. [potion of mutation]
   975 | D:4      | Lost mutation: You are dopey. (Int -2) [potion of mutation]
   975 | D:4      | Lost mutation: You have a pair of small antennae on your head. [potion of mutation]
   975 | D:4      | Gained mutation: Your spells are a little easier to cast, but a little less powerful. [potion of mutation]
   975 | D:4      | Gained mutation: You possess an exceptional clarity of mind. [potion of mutation]
   975 | D:4      | Gained mutation: You are somewhat resistant to further mutation. [potion of mutation]
   977 | D:4      | Slain by a centaur skeleton

Skill      XL: |  1  2  3  4 |
---------------+-------------+-----
Conjurations   | 1 2 |  2.0
Fighting       | 1 2 3 |  3.4
Air Magic      | 1 |  1.5
Dodging        | |  2.6
Stealth        | |  2.1
Spellcasting   | |  2.3
Poison Magic   | |  3.2

Action                   |  1- 3 |  4- 6 || total
-------------------------+-------+-------++-------
Melee: Unarmed           |    10 |       ||    10
       Tailslap          |     1 |       ||     1
       Dagger            |    61 |    67 ||   128
 Cast: Sting             |    42 |     7 ||    49
       Mephitic Cloud    |     2 |       ||     2
       Poisonous Vapours |       |     5 ||     5
  Use: Scroll            |       |     3 ||     3
       Potion            |       |     2 ||     2
 Stab: Sleeping          |     2 |       ||     2
       Confused          |     1 |       ||     1
  Eat: Chunk             |       |     2 ||     2
Armor: Robe              |     2 |       ||     2
       Leather armour    |    27 |    27 ||    54
Dodge: Dodged            |    65 |    67 ||   132
